| TOP OF THE 1ST |
|
Kinston Eagles batting - Pitching for Rocky Mount Leafs : RHP Vic Irizarry
|
|
Pitching: RHP Vic Irizarry
|
|
|
Batting: SHB Ted Wilborn
|
0-0: Called Strike 0-1: Swinging Strike 0-2: Ball 1-2: Strikes out swinging
|
|
Batting: RHB Brad Wellman
|
0-0: Ball 1-0: Ground out 3-1 (Groundball, 34, EV 83.1 MPH)
|
|
Batting: LHB Eric Peyton
|
0-0: Called Strike 0-1: Ball 1-1: Ball 2-1: Called Strike 2-2: Ball 3-2: Foul Ball, location: 2F 3-2: Strikes out swinging
|
| Top of the 1st over - 0 runs, 0 hits, 0 errors, 0 left on base; Kinston 0 - Rocky Mount 0 |
| BOTTOM OF THE 1ST |
|
Rocky Mount Leafs batting - Pitching for Kinston Eagles : LHP Paul Assenmacher
|
|
Pitching: LHP Paul Assenmacher
|
|
|
Batting: RHB James Camacho
|
0-0: Ball 1-0: Ball 2-0: Called Strike 2-1: Ball 3-1: Base on Balls
|
|
Batting: RHB Kevin McGann
|
0-0: Ball 1-0: SINGLE (Groundball, 6MD, EV 98.1 MPH) James Camacho to second Runner from 2nd tries for 3rd, SAFE, throw by CF made to third
|
|
Batting: LHB Oscar Ramirez
|
0-0: Ball 1-0: Swinging Strike 1-1: Called Strike 1-2: Ball 2-2: Fielders Choice at 2nd, 4-6 (Groundball, 4, EV 108.1 MPH) James Camacho scores
|
|
Batting: RHB Glen Bockhorn
|
0-0: Ball 1-0: Called Strike 1-1: Ball 2-1: Called Strike 2-2: Strikes out swinging
|
|
Batting: SHB Keith Spreckels
|
0-0: Ball 1-0: Ball 2-0: Called Strike 2-1: Ground out 4-3 (Groundball, 4S, EV 88.1 MPH)
|
| Bottom of the 1st over - 1 run, 1 hit, 0 errors, 1 left on base; Kinston 0 - Rocky Mount 1 |
| TOP OF THE 2ND |
|
Kinston Eagles batting - Pitching for Rocky Mount Leafs : RHP Vic Irizarry
|
|
Batting: LHB Monte McAbee
|
0-0: Ball 1-0: Ball 2-0: Ball 3-0: Base on Balls
|
|
Batting: RHB Wil Culmer
|
0-0: Ball 1-0: Called Strike 1-1: Foul Ball, location: 2F 1-2: Fielders Choice at 2nd, 4-6 (Groundball, 34, EV 95.6 MPH)
|
|
Batting: RHB Juan Perez
|
0-0: Ball 1-0: Ball 2-0: Swinging Strike 2-1: SINGLE (Line Drive, 5D, EV 96.9 MPH) Wil Culmer to second
|
|
Batting: RHB Igor Roosendaal
|
0-0: Called Strike 0-1: Ball 1-1: Called Strike 1-2: Strikes out swinging
|
|
Batting: RHB Guadalupe Garcia
|
0-0: SINGLE (Line Drive, 89S, EV 95.0 MPH) Wil Culmer to third Juan Perez to second Runner from 3rd tries for Home, SAFE, throw by RF to home
|
|
Batting: RHB Joseph Williams
|
0-0: Foul Ball, location: 2F 0-1: Ball 1-1: Fielders Choice at 2nd, U4 (Groundball, 4M, EV 102.5 MPH)
|
| Top of the 2nd over - 1 run, 2 hits, 0 errors, 2 left on base; Kinston 1 - Rocky Mount 1 |
| BOTTOM OF THE 2ND |
|
Rocky Mount Leafs batting - Pitching for Kinston Eagles : LHP Paul Assenmacher
|
|
Batting: RHB Brian Poldberg
|
0-0: Called Strike 0-1: Ball 1-1: Called Strike 1-2: Ball 2-2: Ball 3-2: Strikes out swinging
|
|
Batting: RHB Jim McArdle
|
0-0: Called Strike 0-1: Ball 1-1: Foul Ball, location: 2F 1-2: Ball 2-2: TRIPLE (Line Drive, 9LD, EV 110.6 MPH)
|
|
Batting: LHB Chris D Jones
|
0-0: Ground out 4-3 (Groundball, 4MD, EV 100.6 MPH) Jim McArdle scores
|
|
Batting: RHB Todd Cruz
|
0-0: Called Strike 0-1: Foul Ball, location: 2F 0-2: Ball 1-2: Foul Ball, location: 2F 1-2: Foul Ball, location: 2F 1-2: Fly out, F8 (Flyball, 8RD, EV 97.5 MPH)
|
| Bottom of the 2nd over - 1 run, 1 hit, 0 errors, 0 left on base; Kinston 1 - Rocky Mount 2 |
| TOP OF THE 3RD |
|
Kinston Eagles batting - Pitching for Rocky Mount Leafs : RHP Vic Irizarry
|
|
Batting: SHB Ted Wilborn
|
0-0: Swinging Strike 0-1: Swinging Strike 0-2: Ball 1-2: Ground out U3 (Groundball, 34, EV 87.5 MPH)
|
|
Batting: RHB Brad Wellman
|
0-0: Ball 1-0: Swinging Strike 1-1: Foul Ball, location: 2F 1-2: Ball 2-2: Strikes out swinging
|
|
Batting: LHB Eric Peyton
|
0-0: Called Strike 0-1: DOUBLE (Flyball, 78XD, EV 108.8 MPH)
|
|
Batting: LHB Monte McAbee
|
0-0: Foul Ball, location: 2F 0-1: Ball 1-1: Called Strike 1-2: Ground out 3-1 (Groundball, 34, EV 102.5 MPH)
|
| Top of the 3rd over - 0 runs, 1 hit, 0 errors, 1 left on base; Kinston 1 - Rocky Mount 2 |
| BOTTOM OF THE 3RD |
|
Rocky Mount Leafs batting - Pitching for Kinston Eagles : LHP Paul Assenmacher
|
|
Batting: RHB James Camacho
|
0-0: Ball 1-0: Called Strike 1-1: Ball 2-1: Ball 3-1: Base on Balls
|
|
Batting: RHB Kevin McGann
|
0-0: Grounds into double play, 6-4-3 (Groundball, 6, EV 105.0 MPH)
|
|
Batting: LHB Oscar Ramirez
|
0-0: Called Strike 0-1: Ball 1-1: Ball 2-1: Called Strike 2-2: Foul Ball, location: 2F 2-2: Ground out 3-1 (Groundball, 34S, EV 84.4 MPH)
|
| Bottom of the 3rd over - 0 runs, 0 hits, 0 errors, 0 left on base; Kinston 1 - Rocky Mount 2 |
| TOP OF THE 4TH |
|
Kinston Eagles batting - Pitching for Rocky Mount Leafs : RHP Vic Irizarry
|
|
Batting: RHB Wil Culmer
|
0-0: Called Strike 0-1: Fly out, F8 (Line Drive, 8RD, EV 93.8 MPH)
|
|
Batting: RHB Juan Perez
|
0-0: Called Strike 0-1: Fly out, F8 (Flyball, 8LXD, EV 103.1 MPH)
|
|
Batting: RHB Igor Roosendaal
|
0-0: SINGLE (Line Drive, 78M, EV 90.0 MPH)
|
|
Batting: RHB Guadalupe Garcia
|
0-0: Called Strike 0-1: Ball 1-1: Swinging Strike 1-2: TRIPLE (Line Drive, 89XD, EV 106.3 MPH) Igor Roosendaal scores
|
|
Batting: RHB Joseph Williams
|
0-0: Fly out, F6 (Line Drive, 6, EV 65.6 MPH)
|
| Top of the 4th over - 1 run, 2 hits, 0 errors, 1 left on base; Kinston 2 - Rocky Mount 2 |
| BOTTOM OF THE 4TH |
|
Rocky Mount Leafs batting - Pitching for Kinston Eagles : LHP Paul Assenmacher
|
|
Batting: RHB Glen Bockhorn
|
0-0: Called Strike 0-1: Ball 1-1: Ground out U3 (Groundball, 3, EV 80.0 MPH)
|
|
Batting: SHB Keith Spreckels
|
0-0: Ball 1-0: Foul Ball, location: 2F 1-1: Ball 2-1: Ground out 1-3 (Groundball, 13S, EV 69.4 MPH)
|
|
Batting: RHB Brian Poldberg
|
0-0: Called Strike 0-1: Ball 1-1: Foul Ball, location: 2F 1-2: Ball 2-2: Ground out 4-3 (Groundball, 4, EV 88.8 MPH)
|
| Bottom of the 4th over - 0 runs, 0 hits, 0 errors, 0 left on base; Kinston 2 - Rocky Mount 2 |
| TOP OF THE 5TH |
|
Kinston Eagles batting - Pitching for Rocky Mount Leafs : RHP Vic Irizarry
|
|
Batting: SHB Ted Wilborn
|
0-0: Called Strike 0-1: Ball 1-1: Ball 2-1: Called Strike 2-2: Ball 3-2: Foul Ball, location: 2F 3-2: Base on Balls
|
|
Batting: RHB Brad Wellman
|
0-0: Called Strike 0-1: Ball 1-1: SINGLE (Groundball, 5D, EV 96.3 MPH) Ted Wilborn to second
|
|
Batting: LHB Eric Peyton
|
0-0: Foul Ball, location: 2F 0-1: Fly out, F8 (Line Drive, 8RM, EV 96.3 MPH)
|
|
Batting: LHB Monte McAbee
|
0-0: Ball 1-0: Ball 2-0: Called Strike 2-1: Ball 3-1: Foul Ball, location: 2F 3-2: Foul Ball, location: 2F 3-2: Base on Balls Ted Wilborn to third Brad Wellman to second
|
|
Batting: RHB Wil Culmer
|
0-0: Ball 1-0: DOUBLE (Flyball, 5D, EV 97.5 MPH) Ted Wilborn scores Brad Wellman scores Monte McAbee to third
|
|
Batting: RHB Juan Perez
|
0-0: Ball 1-0: 3-RUN HOME RUN (Flyball, 78XD, EV 92.5 MPH), Distance : 419 ft
|
|
Pitching: RHP Henry Herrera
|
|
|
Batting: RHB Igor Roosendaal
|
0-0: Ball 1-0: Ball 2-0: Ball 3-0: Called Strike 3-1: Base on Balls
|
|
Batting: RHB Guadalupe Garcia
|
0-0: Swinging Strike 0-1: Ball 1-1: Ball 2-1: Swinging Strike 2-2: Strikes out swinging
|
|
Batting: RHB Joseph Williams
|
0-0: Ball 1-0: Swinging Strike 1-1: Called Strike 1-2: Ball Igor Roosendaal steals 2nd base 2-2: Strikes out swinging
|
| Top of the 5th over - 5 runs, 3 hits, 0 errors, 1 left on base; Kinston 7 - Rocky Mount 2 |
| BOTTOM OF THE 5TH |
|
Rocky Mount Leafs batting - Pitching for Kinston Eagles : LHP Paul Assenmacher
|
|
Batting: RHB Jim McArdle
|
0-0: Ball 1-0: Ball 2-0: Foul Ball, location: 2F 2-1: SINGLE (Groundball, 6S, EV 69.4 MPH) (infield hit)
|
|
Batting: LHB Chris D Jones
|
0-0: Foul Ball, location: 2F 0-1: Ball 1-1: Swinging Strike 1-2: Foul Ball, location: 2F 1-2: Strikes out swinging
|
|
Batting: RHB Todd Cruz
|
0-0: Ball 1-0: Called Strike Jim McArdle steals 2nd base (no throw) 1-1: Called Strike 1-2: Foul Ball, location: 2F 1-2: Ball 2-2: Foul Ball, location: 2F 2-2: Ground out 5-3 (Groundball, 5S, EV 78.1 MPH)
|
|
Batting: RHB James Camacho
|
0-0: Ball 1-0: Ball 2-0: Called Strike 2-1: Foul Ball, location: 2F 2-2: Ground out 6-3 (Groundball, 6, EV 106.3 MPH)
|
| Bottom of the 5th over - 0 runs, 1 hit, 0 errors, 1 left on base; Kinston 7 - Rocky Mount 2 |
| TOP OF THE 6TH |
|
Kinston Eagles batting - Pitching for Rocky Mount Leafs : RHP Henry Herrera
|
|
Batting: SHB Ted Wilborn
|
0-0: Foul Ball, location: 2F 0-1: Ball 1-1: Foul Ball, location: 2F 1-2: Ball 2-2: Fly out, F3 (Line Drive, 3, EV 67.5 MPH)
|
|
Batting: RHB Brad Wellman
|
0-0: Foul Ball, location: 2F 0-1: Ball 1-1: Ball 2-1: Called Strike 2-2: Foul Ball, location: 2F 2-2: Ball 3-2: Base on Balls
|
|
Batting: LHB Eric Peyton
|
0-0: Foul Ball, location: 2F 0-1: Fly out, F7 (Flyball, 7LS, EV 78.8 MPH)
|
|
Batting: LHB Monte McAbee
|
0-0: Ball 1-0: Ground out U3 (Groundball, 3, EV 78.8 MPH)
|
| Top of the 6th over - 0 runs, 0 hits, 0 errors, 1 left on base; Kinston 7 - Rocky Mount 2 |
| BOTTOM OF THE 6TH |
|
Rocky Mount Leafs batting - Pitching for Kinston Eagles : LHP Paul Assenmacher
|
|
Batting: RHB Kevin McGann
|
0-0: Ground out 5-3 (Groundball, 56, EV 101.9 MPH)
|
|
Batting: LHB Oscar Ramirez
|
0-0: Ball 1-0: Foul Ball, location: 2F 1-1: Ball 2-1: Swinging Strike 2-2: Ground out 1-3 (Groundball, P, EV 73.8 MPH)
|
|
Batting: RHB Glen Bockhorn
|
0-0: Ball 1-0: Ball 2-0: Called Strike 2-1: Ball 3-1: Base on Balls
|
|
Batting: SHB Keith Spreckels
|
0-0: Ball 1-0: Foul Ball, location: 2F 1-1: Ball 2-1: Called Strike 2-2: Strikes out swinging
|
| Bottom of the 6th over - 0 runs, 0 hits, 0 errors, 1 left on base; Kinston 7 - Rocky Mount 2 |
| TOP OF THE 7TH |
|
Kinston Eagles batting - Pitching for Rocky Mount Leafs : RHP Henry Herrera
|
|
Batting: RHB Wil Culmer
|
0-0: Foul Ball, location: 2F 0-1: Ball 1-1: Called Strike 1-2: Ball 2-2: Foul Ball, location: 2F 2-2: Fly out, F9 (Flyball, 9LS, EV 85.6 MPH)
|
|
Batting: RHB Juan Perez
|
0-0: Ball 1-0: Foul Ball, location: 2F 1-1: Foul Ball, location: 2F 1-2: Fly out, F9 (Line Drive, 9, EV 86.9 MPH)
|
|
Pitching: RHP John Flynn
|
|
|
Batting: RHB Igor Roosendaal
|
0-0: SINGLE (Line Drive, 7S, EV 87.5 MPH)
|
|
Batting: RHB Guadalupe Garcia
|
0-0: Ball 1-0: Ground out 4-3 (Groundball, 4, EV 78.1 MPH)
|
| Top of the 7th over - 0 runs, 1 hit, 0 errors, 1 left on base; Kinston 7 - Rocky Mount 2 |
| BOTTOM OF THE 7TH |
|
Rocky Mount Leafs batting - Pitching for Kinston Eagles : LHP Paul Assenmacher
|
|
Batting: RHB Brian Poldberg
|
0-0: Called Strike 0-1: Called Strike 0-2: Ball 1-2: SINGLE (Line Drive, 7S, EV 88.8 MPH)
|
|
Batting: RHB Jim McArdle
|
0-0: Foul Ball, location: 2F 0-1: Ball 1-1: Foul Ball, location: 2F 1-2: Ball Brian Poldberg steals 2nd, throwing error, E2 Brian Poldberg to third 2-2: SINGLE (Groundball, 56D, EV 102.5 MPH) Brian Poldberg scores
|
|
Batting: LHB Chris D Jones
|
0-0: TRIPLE (Line Drive, 89XD, EV 111.9 MPH) Jim McArdle scores
|
|
Batting: RHB Todd Cruz
|
0-0: Fly out, F8 (Line Drive, 8LD, EV 91.3 MPH) Runner from 3rd tags up, OUT at HOME! 8-2
|
|
Batting: RHB James Camacho
|
0-0: Called Strike 0-1: Ball 1-1: Foul Ball, location: 2F 1-2: Ground out 4-3 (Groundball, 4, EV 103.1 MPH)
|
| Bottom of the 7th over - 2 runs, 3 hits, 1 error, 0 left on base; Kinston 7 - Rocky Mount 4 |
| TOP OF THE 8TH |
|
Kinston Eagles batting - Pitching for Rocky Mount Leafs : RHP John Flynn
|
|
Batting: RHB Joseph Williams
|
0-0: Foul Ball, location: 2F 0-1: Ball 1-1: Ball 2-1: Ball 3-1: Foul Ball, location: 2F 3-2: Fly out, F4 (Flyball, 3D, EV 90.0 MPH)
|
|
Batting: SHB Ted Wilborn
|
0-0: Ball 1-0: Foul Ball, location: 2F 1-1: Ball 2-1: Called Strike 2-2: Ball 3-2: Foul Ball, location: 2F 3-2: Ground out 1-3 (Groundball, 13S, EV 71.9 MPH)
|
|
Batting: RHB Brad Wellman
|
0-0: Called Strike 0-1: Foul Ball, location: 2F 0-2: SINGLE (Line Drive, 6M, EV 101.9 MPH)
|
|
Batting: LHB Eric Peyton
|
0-0: Called Strike 0-1: Fielders Choice at 2nd, U4 (Groundball, 4M, EV 78.8 MPH)
|
| Top of the 8th over - 0 runs, 1 hit, 0 errors, 1 left on base; Kinston 7 - Rocky Mount 4 |
| BOTTOM OF THE 8TH |
|
Rocky Mount Leafs batting - Pitching for Kinston Eagles : LHP Paul Assenmacher
|
|
Batting: RHB Kevin McGann
|
0-0: Ball 1-0: Single, Error in OF, E8, batter to second base (Line Drive, 4M, EV 94.4 MPH)
|
|
Batting: LHB Oscar Ramirez
|
0-0: Ball 1-0: Ball 2-0: Called Strike 2-1: Swinging Strike 2-2: Strikes out looking
|
|
Batting: RHB Glen Bockhorn
|
0-0: Called Strike 0-1: Ground out 6-3 (Groundball, 56, EV 84.4 MPH)
|
|
Batting: SHB Keith Spreckels
|
0-0: Ball 1-0: Foul Ball, location: 2F 1-1: Fly out, F9 (Flyball, 9, EV 90.0 MPH)
|
| Bottom of the 8th over - 0 runs, 1 hit, 1 error, 1 left on base; Kinston 7 - Rocky Mount 4 |
| TOP OF THE 9TH |
|
Kinston Eagles batting - Pitching for Rocky Mount Leafs : RHP John Flynn
|
|
Pitching: RHP Kevin Grubbs
|
|
|
Batting: LHB Monte McAbee
|
0-0: Swinging Strike 0-1: Ball 1-1: Called Strike 1-2: Fly out, F6 (Flyball, 56D, EV 88.8 MPH)
|
|
Batting: RHB Wil Culmer
|
0-0: Ball 1-0: Called Strike 1-1: Ball 2-1: Swinging Strike 2-2: Ball 3-2: Foul Ball, location: 2F 3-2: Foul Ball, location: 2F 3-2: Reached on error, E6 (Groundball, 6, EV 109.4 MPH)
|
|
Batting: RHB Juan Perez
|
0-0: Ball 1-0: Foul Ball, location: 2F 1-1: Swinging Strike 1-2: Foul Ball, location: 2F 1-2: Ball 2-2: Ball 3-2: Base on Balls Wil Culmer to second
|
|
Batting: RHB Igor Roosendaal
|
0-0: Ball 1-0: Grounds into double play, 6-4-3 (Groundball, 6, EV 83.8 MPH)
|
| Top of the 9th over - 0 runs, 0 hits, 1 error, 1 left on base; Kinston 7 - Rocky Mount 4 |
| BOTTOM OF THE 9TH |
|
Rocky Mount Leafs batting - Pitching for Kinston Eagles : LHP Paul Assenmacher
|
|
Pitching: RHP Marvin Adams
|
|
|
Batting: RHB Brian Poldberg
|
0-0: Ball 1-0: Ball 2-0: Ball 3-0: Called Strike 3-1: Called Strike 3-2: DOUBLE (Flyball, 89XD, EV 98.1 MPH)
|
|
Batting: RHB Jim McArdle
|
0-0: Ball 1-0: Swinging Strike 1-1: Swinging Strike 1-2: Ball 2-2: Ball 3-2: Foul Ball, location: 2F 3-2: Base on Balls
|
|
Batting: LHB Chris D Jones
|
0-0: Foul Ball, location: 2F 0-1: Foul Ball, location: 2F 0-2: Ball 1-2: Ball 2-2: Ball 3-2: Foul Ball, location: 2F 3-2: Foul Ball, location: 2F 3-2: Base on Balls Brian Poldberg to third Jim McArdle to second
|
|
Pinch Hitting: RHB Tom Lawless
|
0-0: Ball 1-0: Foul Ball, location: 2F 1-1: Called Strike 1-2: Fly out, F9 (Flyball, 9D, EV 100.6 MPH)
|
|
Batting: RHB James Camacho
|
0-0: Ball 1-0: Ball 2-0: Foul Ball, location: 2F 2-1: Called Strike 2-2: Ball 3-2: Fly out, F9 (Flyball, 9D, EV 88.8 MPH) Runner from 3rd tags up, SCORES, no throw by RF Jim McArdle to third
|
|
Batting: RHB Kevin McGann
|
0-0: Ball 1-0: Ball 2-0: Called Strike 2-1: Foul Ball, location: 2F 2-2: Foul Ball, location: 2F 2-2: Foul Ball, location: 2F 2-2: Foul Ball, location: 2F 2-2: SINGLE (Line Drive, 78S, EV 100.0 MPH) Jim McArdle scores Chris D Jones to second Runner from 2nd tries for 3rd, OUT! 7-5
|
| Bottom of the 9th over - 2 runs, 2 hits, 0 errors, 1 left on base; Kinston 7 - Rocky Mount 6 |
|